 Dungeon Crawl Stone Soup version 0.29.0-11-gd7f09526c8 (webtiles) character file.

Game seed: 3007205692075018978

28 Shayle the Chiller (level 3, -1/31 HPs)
             Began as a Naga Ice Elementalist on Sept 6, 2022.
             Slain by a goblin
             ... wielding a +0 dagger
              (4 damage)
             ... on level 2 of the Dungeon.
             The game lasted 00:05:50 (1388 turns).

Shayle the Chiller (Naga Ice Elementalist)          Turns: 1388, Time: 00:05:51

Health: -1/31      AC:  2    Str: 10    XL:     3   Next: 14%
Magic:  4/6        EV: 10    Int: 17    God:
Gold:   44         SH:  0    Dex: 11    Spells: 5/6 levels left

rFire   + . .      SeeInvis +   h - +1 dagger (drain)
rCold   + . .      Faith    .   (no shield)
rNeg    . . .      Spirit   .   a - +0 robe
rPois   +          Reflect  .   (no helmet)
rElec   +          Harm     .   (no cloak)
rCorr   +          Rampage  .   (no gloves)
Will    .....                   (no barding)
Stlth   ++........              (no amulet)
HPRegen 0.10/turn               (no ring)
MPRegen 0.10/turn               (no ring)

@: mighty, resistant, attractive, very slow
A: AC +1, large, see invisible, deformed body, poison resistance, slowness 2,
spit poison 1, naga tail 1
a: Spit Poison


You were on level 2 of the Dungeon.
You visited 1 branch of the dungeon, and saw 2 of its levels.

You collected 44 gold pieces.

Inventory:

Hand Weapons
 d - a +0 war axe
 h - a +1 dagger of draining (weapon)
Missiles
 l - 2 boomerangs of dispersal
Armour
 a - a +0 robe (worn)
Scrolls
 c - a scroll of teleportation {unknown}
 g - a scroll of fear {unknown}
 i - a scroll of vulnerability {unknown}
 j - a scroll of blinking {unknown}


   Skills:
 + Level 1.0 Fighting
 + Level 0.4 Axes
 + Level 1.8 Dodging
 + Level 3.5 Stealth
 + Level 2.2 Spellcasting
 + Level 4.2 Ice Magic


You had 5 spell levels left.
You knew the following spells:

 Your Spells              Type           Power      Damage    Failure   Level
a - Freeze                Ice            64%        1d8       3%          1

Your spell library contained the following spells:

 Spells                   Type           Power      Damage    Failure   Level
 Frozen Ramparts          Ice            32%        1d5       10%         3
 Ozocubu's Armour         Ice            16%        N/A       10%         3
 Hailstorm                Conj/Ice       9%         3d4       63%         4


Dungeon Overview and Level Annotations

Branches:
Dungeon (2/15)

Altars:


Innate Abilities, Weirdness & Mutations

Your serpentine skin is tough. (AC +1)
You have supernaturally acute eyesight. (SInv)
Armour fits poorly on your strangely shaped body.
Your system is resistant to poisons. (rPois)
You cover ground very slowly.
You can spit poison.
You have a snake-like lower body.


Message History

The jackal is lightly wounded.
The jackal bites you.
* * * LOW HITPOINT WARNING * * *
Casting: Freeze (safe; 3% risk of failure)
Confirm with . or Enter, or press ? or * to list all spells.
Aiming: Freeze (safe; 3% risk of failure)
Press: ? - help, Shift-Dir - straight line, f/p - jackal
Aim: a jackal (lightly wounded)
You freeze the jackal.
You kill the jackal!
You have got your breath back.
The jackal bites you.
* * * LOW HITPOINT WARNING * * *
Your Fighting skill increases to level 1!
Magic courses through your body. The jackal completely misses you.
Casting: Freeze (safe; 3% risk of failure)
Confirm with . or Enter, or press ? or * to list all spells.
Aiming: Freeze (safe; 3% risk of failure)
Press: ? - help, Shift-Dir - straight line, f - jackal
Aim: a jackal You freeze the jackal.
The jackal is severely wounded.
The jackal bites you but does no damage.
Unknown command.
Casting: Freeze (safe; 3% risk of failure)
Confirm with . or Enter, or press ? or * to list all spells.
Aiming: Freeze (safe; 3% risk of failure)
Press: ? - help, Shift-Dir - straight line, f/p - jackal
Aim: a jackal (severely wounded)
You freeze the jackal!
You kill the jackal!
Casting: Freeze (safe; 3% risk of failure)
Confirm with . or Enter, or press ? or * to list all spells.
Aiming: Freeze (safe; 3% risk of failure)
Press: ? - help, Shift-Dir - straight line, f - goblin
Aim: a goblin, wielding a +0 dagger You freeze the goblin.
The goblin is severely wounded.
The goblin hits you with a +0 dagger.
You die...

#..........# #.#
#..........# #.#.#
#..........# # #.#.#
#........... # #.#.#.#
#........... ##.#.#.#.##
###.######.# .......... #.#
#.# ##.#.#.#.#######
#.######..
.........g@....#.#.#.......
#.#..#.######.#.#.........
#..#.######.#.#...#####.
.#.#...........#.#...# #.
...............#.#...# ##
......#.#####..#.#.†.#
......#........#.#...#
.............>.#.#.#[#####
......#######.............


You could see a goblin.

Vanquished Creatures
  A dart slug (D:1)
  2 endoplasms
  A giant cockroach (D:1)
  A hobgoblin (D:1)
  6 jackals
  3 kobolds (D:1)
  A ball python (D:1)
  2 frilled lizards (D:1)
  4 goblins (D:1)
  4 rats
25 creatures vanquished.

Vanquished Creatures (others)
  2 plants (D:1)
2 creatures vanquished.

Grand Total: 27 creatures vanquished

Notes
Turn   | Place    | Note
-------+----------+-------------------------------------------
     0 | D:1      | Shayle the Naga Ice Elementalist began the quest for the
                  | Orb.
     0 | D:1      | Reached XP level 1. HP: 15/15 MP: 3/3
   414 | D:1      | Reached XP level 2. HP: 19/24 MP: 5/5
   577 | D:1      | Found a faded altar of an unknown god.
  1378 | D:2      | Reached XP level 3. HP: 8/30 MP: 3/6
  1385 | D:2      | Reached skill level 1 in Fighting
  1388 | D:2      | Slain by a goblin

Illustrated notes

Levels and vault maps discovered:
D:1:      dpeg_cavernosity, layout_rooms, chequers_ecumenical_altar_lobes,
          corexii_hall_statues_l, minmay_misc_feat_five
D:2:      layout_basic, uniq_terence

Skill      XL: |  1  2  3 |
---------------+----------+-----
Fighting       | 1 |  1.0
Axes           | |  0.4
Dodging        | |  1.8
Stealth        | |  3.5
Spellcasting   | |  2.2
Ice Magic      | |  4.2

Action                   || total
-------------------------++-------
Melee: War axe           ||    34
       Dagger            ||    12
 Cast: Freeze            ||    10
 Abil: Spit Poison       ||     6
  Use: Potion            ||     4
 Stab: Sleeping          ||     6
Armor: Robe              ||     8
Dodge: Dodged            ||    42
